 Dungeon Crawl Stone Soup version 0.30-a0-728-gc68057be0a (webtiles) character file.

Game seed: 4546295775432481846

8381 Newt the Basher (level 11, -8/81 HPs)
             Began as a Demonspawn Gladiator on Jan 31, 2023.
             Was a High Priest of Okawaru.
             Mangled by an eight-headed hydra (12 damage)
             ... on level 10 of the Dungeon.
             The game lasted 00:11:06 (11787 turns).

Newt the Basher (Demonspawn Gladiator)             Turns: 11787, Time: 00:11:07

Health: -8/81      AC:  7    Str: 21    XL:     11   Next: 9%
Magic:  17/17      EV: 18    Int: 14    God:    Okawaru [*****.]
Gold:   1406       SH:  0    Dex: 22    Spells: 10/10 levels left

rFire   . . .      SeeInvis +    F - +9 whip of Disaster {heavy, rF+ Int-2 Stlth+}
rCold   + . .      Faith    .    (no shield)
rNeg    . . .      Spirit   .    x - +2 leather armour of Okawaru's Generosity {Str+2}
rPois   .          Reflect  .    c - +0 helmet
rElec   +          Harm     .    (no cloak)
rCorr   .          Rampage  .    (gloves unavailable)
Will    .....                    i - +0 pair of boots
Stlth   ++++                     o - amulet of regeneration
HPRegen 1.13/turn                D - ring "Laraes" {Ice rElec Dex+4 SInv Stlth-}
MPRegen 0.15/turn                w - +6 ring of intelligence

@: studying Dodging
A: claws 3, thin skeletal structure 2, foul stench 2, spiny 1
a: Renounce Religion, Heroism, Finesse, Duel


You were on level 10 of the Dungeon.
You worshipped Okawaru.
Okawaru was extremely pleased with you.
You visited 2 branches of the dungeon, and saw 12 of its levels.

You collected 1406 gold pieces.

Inventory:

Hand Weapons
 a - a +0 rapier
 h - a +1 dagger of speed
 l - a +3 sling
 v - a +0 dagger of venom
 F - the +9 whip of Disaster (weapon) {heavy, rF+ Int-2 Stlth+}
   (You found it on level 5 of the Dungeon)

   Int:       It affects your intelligence (-2).
   rF:        It protects you from fire.
   Stlth:     It makes you more stealthy.
Missiles
 d - 3 throwing nets (quivered)
 e - 3 javelins
 u - 3 boomerangs
 z - 3 poisoned darts
Armour
 b - a +0 leather armour
 c - a +0 helmet (worn)
 i - a +0 pair of boots (worn)
 x - the +2 leather armour of Okawaru's Generosity (worn) {Str+2}
   (You found it on level 4 of the Dungeon)

   Str:       It affects your strength (+2).
Jewellery
 o - an amulet of regeneration (around neck)
 q - a ring of positive energy
 w - a +6 ring of intelligence (right claw)
 B - a ring of fire
 D - the ring "Laraes" (left claw) {Ice rElec Dex+4 SInv Stlth-}
   (You acquired it on level 7 of the Dungeon)

   [ring of ice]

   It enhances your ice magic.
   Dex:       It affects your dexterity (+4).
   rF:        It makes you vulnerable to fire.
   rC:        It protects you from cold.
   rElec:     It insulates you from electricity.
   SInv:      It lets you see invisible.
   Stlth:     It makes you less stealthy.
 K - a ring of magical power
Wands
 m - a wand of mindburst (11)
 r - a wand of iceblast (15)
 y - a wand of polymorph (9)
 G - a wand of light (15)
Scrolls
 n - 5 scrolls of teleportation
 t - 4 scrolls of amnesia
 E - a scroll of magic mapping
 L - 3 scrolls of fog
 M - a scroll of brand weapon {unknown}
 N - a scroll of enchant armour {unknown}
 Q - a scroll of enchant weapon {unknown}
Potions
 f - 7 potions of curing
 g - a potion of lignification
 j - 2 potions of flight
 k - a potion of degeneration
 p - a potion of berserk rage
 s - a potion of cancellation
 A - a potion of might
 C - 3 potions of attraction
 H - 2 potions of mutation
 I - a potion of brilliance
 J - 3 potions of heal wounds
 O - a potion of ambrosia {unknown}
 P - a potion of haste {unknown}
 R - 2 potions of magic {unknown}


   Skills:
 - Level 6.0 Fighting
 - Level 2.6 Short Blades
 - Level 10.0 Maces & Flails
 - Level 5.0 Ranged Weapons
 - Level 1.7 Throwing
 + Level 8.8 Dodging
 - Level 2.0 Stealth
 - Level 9.0 Invocations
 - Level 4.0 Evocations


You had 10 spell levels left.
You didn't know any spells.
Your spell library contained the following spells:

 Spells                   Type           Power      Damage    Failure   Level
 Apportation              Tloc           0%         N/A       32%         1
 Magic Dart               Conj           0%         1d3       32%         1
 Necrotise                Necr           0%         1d4       32%         1
 Lesser Beckoning         Tloc           0%         N/A       45%         2
 Searing Ray              Conj           0%         2d4       45%         2
 Dazzling Flash           Conj/Hex       0%         N/A       69%         3
 Gell's Gravitas          Tloc           0%         N/A       69%         3
 Hailstorm                Conj/Ice       0%         3d3       69%         3
 Teleport Other           Tloc           0%         N/A       69%         3
 Vampiric Draining        Necr           0%         2d6       69%         3
 Fulminant Prism          Conj/Hex       0%         3d5       97%         4
 Ice Form                 Ice/Tmut       0%         N/A       97%         4
 Agony                    Necr           0%         N/A       100%        5
 Alistair's Intoxication  Tmut/Pois      0%         N/A       100%        5
 Silence                  Hex/Air        0%         N/A       100%        5
 Simulacrum               Ice/Necr       Unusable   N/A       N/A         6

Dungeon Overview and Level Annotations

Branches:
Dungeon (11/15)            Temple (1/1) D:6            Lair (0/5) D:8
    Orc: D:9-12

Altars:
Ashenzari
Cheibriados
Dithmenos
Fedhas
Gozag
Hepliaklqana
Kikubaaqudgha
Makhleb
Nemelex Xobeh
Okawaru
Qazlal
Ru
Sif Muna
Trog
Uskayaw
Vehumet
Wu Jian
Xom
Yredelemnul

Shops:
D:3 :   D:7 =

Annotations:
D:5 3 runed translucent doors, MrSquiggles's ghost, novice OpHu


Innate Abilities, Weirdness & Mutations

You have claws for hands.
You have a moderately thin skeletal structure. (Dex +4, Stealth++)
You sometimes emit foul miasma when damaged in melee.
You are partially covered in sharp spines.


Message History

The eight-headed hydra is struck by your spines.
The eight-headed hydra bites you but does no damage. x2
The eight-headed hydra bites you.
* * * LOW HITPOINT WARNING * * *
The eight-headed hydra completely misses you.
The eight-headed hydra barely misses you.
The eight-headed hydra bites you.
* * * LOW HITPOINT WARNING * * *
The eight-headed hydra bites you but does no damage.
The eight-headed hydra closely misses you.
You climb upwards.
There is a stone staircase leading down here.
Aiming: Bolt of Light
Press: ? - help, Shift-Dir - straight line, f - eight-headed hydra
Aim: an eight-headed hydra (moderately wounded, 91% to hit)
The bolt of light hits the eight-headed hydra!
The eight-headed hydra is heavily wounded.
The eight-headed hydra is blinded.
The eight-headed hydra is struck by your spines.
The eight-headed hydra completely misses you.
The eight-headed hydra closely misses you.
The eight-headed hydra bites you.
* * * LOW HITPOINT WARNING * * *
The eight-headed hydra barely misses you.
The eight-headed hydra closely misses you.
The eight-headed hydra misses you.
The eight-headed hydra completely misses you.
The eight-headed hydra misses you.
You barely miss the eight-headed hydra.
The eight-headed hydra is severely wounded.
The eight-headed hydra closely misses you.
The eight-headed hydra barely misses you.
The eight-headed hydra misses you.
The eight-headed hydra barely misses you.
The eight-headed hydra closely misses you.
The eight-headed hydra completely misses you.
The eight-headed hydra bites you!
* * * LOW HITPOINT WARNING * * *
The eight-headed hydra bites you!
You die...

########## ########
##### #........#
#.....<# ###....
#......<.#
#@.....#####.)))..
#........#
#D.....##...)#....
#........#
#......'..####.)..
#........#
####......#### #....
#........###..'......#
#....
#........'...##......#
#....
#........########'####
##'## ######'###
###..# #.# #.....#
##...## ##.#


You could see an eight-headed hydra (blind).

Vanquished Creatures
  2 two-headed ogres (D:9)
  A manticore (D:11)
  Joseph (D:8)
  Maggie (D:7)
  A komodo dragon (D:10)
  A kobold demonologist (D:10)
  A hornet (D:8)
  6 yaks (D:9)
  A wraith (D:11)
  A steam dragon (D:5)
  Grum (D:8)
  An acid dragon (D:8)
  2 water moccasins
  4 orc warriors
  2 ice beasts
  3 sky beasts
  3 black bears
  3 ogres
  2 wolves (D:8)
  3 centaurs
  A gnoll sergeant (D:10)
  2 necrophages
  2 bullfrogs
  3 scorpions
  12 wights
  3 killer bees (D:9)
  4 jellies
  5 orc priests
  2 iguanas
  10 orc wizards
  8 gnolls
  10 adders
  A white imp (D:5)
  4 dart slugs
  2 worms
  26 orcs
  7 endoplasms
  4 giant cockroaches
  6 hobgoblins
  3 quokkas
  8 ball pythons
  3 bats
  3 frilled lizards
  13 goblins
  15 kobolds
  5 rats
202 creatures vanquished.

Notes
Turn   | Place    | Note
-------+----------+-------------------------------------------
     0 | D:1      | Newt the Demonspawn Gladiator began the quest for the Orb.
     0 | D:1      | Reached XP level 1. HP: 16/16 MP: 1/1
   162 | D:1      | Reached skill level 1 in Stealth
   185 | D:1      | Gained mutation: You have sharp fingernails. [demonic
                  | ancestry]
   185 | D:1      | Reached XP level 2. HP: 4/22 MP: 2/2
   635 | D:1      | Gained mutation: You may rarely emit foul miasma when
                  | damaged in melee. [demonic ancestry]
   635 | D:1      | Reached XP level 3. HP: 20/28 MP: 3/3
  1331 | D:2      | Found a faded altar of an unknown god.
  1425 | D:2      | Reached XP level 4. HP: 31/37 MP: 4/4
  1798 | D:2      | Reached skill level 1 in Ranged Weapons
  2017 | D:2      | Found a radiant altar of Vehumet.
  2087 | D:3      | Noticed a scorpion
  2112 | D:3      | Killed a scorpion
  2113 | D:3      | Gained mutation: You have a somewhat thin skeletal
                  | structure. (Dex +2, Stealth+) [demonic ancestry]
  2113 | D:3      | Reached XP level 5. HP: 19/42 MP: 5/5
  2767 | D:3      | Found Cobeikke's Book Emporium.
  3742 | D:4      | Gained mutation: You have very sharp fingernails. [demonic
                  | ancestry]
  3742 | D:4      | Reached XP level 6. HP: 44/48 MP: 6/6
  4121 | D:4      | Reached skill level 5 in Ranged Weapons
  4229 | D:4      | Gained mutation: You are partially covered in sharp spines.
                  | [demonic ancestry]
  4229 | D:4      | Reached XP level 7. HP: 44/54 MP: 7/7
  4278 | D:4      | Identified the +2 leather armour of Okawaru's Generosity
                  | {Str+2}
  4636 | D:5      | Entered Level 5 of the Dungeon
  4674 | D:5      | Reached skill level 5 in Fighting
  4740 | D:5      | Found a runed translucent gate.
  4740 | D:5      | Found a runed translucent gate.
  4740 | D:5      | Found a runed translucent gate.
  4746 | D:5      | Reached skill level 1 in Evocations
  4751 | D:5      | Found an opulent altar of Gozag.
  4754 | D:5      | Noticed MrSquiggles's ghost (novice OpHu)
  4956 | D:5      | Identified the +9 whip of Disaster {heavy, rF+ Int-2
                  | Stlth+}
  5003 | D:5      | Noticed a steam dragon
  5021 | D:5      | Killed a steam dragon
  5022 | D:5      | Gained mutation: You sometimes emit foul miasma when
                  | damaged in melee. [demonic ancestry]
  5022 | D:5      | Reached XP level 8. HP: 33/64 MP: 8/8
  5938 | D:6      | Reached skill level 2 in Maces & Flails
  6013 | D:6      | Found a staircase to the Ecumenical Temple.
  6055 | Temple   | Entered the Ecumenical Temple
  6295 | Temple   | Became a worshipper of Warmaster Okawaru
  6312 | D:6      | Reached skill level 3 in Maces & Flails
  6580 | D:7      | Found a snail-covered altar of Cheibriados.
  6581 | D:7      | Identified 3 scrolls of acquirement
  6581 | D:7      | Acquired 710 gold pieces
  6583 | D:7      | Acquired a manual of Dodging
  6585 | D:7      | Acquired the ring "Laraes" {Ice rElec Dex+4 SInv Stlth-}
  6655 | D:7      | Reached skill level 4 in Maces & Flails
  6658 | D:7      | Reached * piety under Okawaru
  6659 | D:7      | Reached skill level 5 in Maces & Flails
  6926 | D:7      | Gained mutation: You have claws for hands. [demonic
                  | ancestry]
  6926 | D:7      | Reached XP level 9. HP: 29/69 MP: 9/9
  6974 | D:7      | Reached skill level 6 in Maces & Flails
  7042 | D:7      | Found a shadowy altar of Dithmenos.
  7185 | D:7      | Noticed Maggie
  7195 | D:7      | Killed Maggie
  7195 | D:7      | Reached ** piety under Okawaru
  7254 | D:7      | Reached skill level 7 in Maces & Flails
  7386 | D:7      | Found Namid's Jewellery Emporium.
  7710 | D:8      | Reached skill level 8 in Maces & Flails
  7759 | D:8      | Noticed Joseph
  7771 | D:8      | Killed Joseph
  7771 | D:8      | Reached *** piety under Okawaru
  7857 | D:8      | Reached skill level 9 in Maces & Flails
  8280 | D:8      | Found an ornate altar of the Wu Jian Council.
  8431 | D:8      | Found a staircase to the Lair.
  8778 | D:8      | Noticed Grum
  8785 | D:8      | Killed Grum
  8786 | D:8      | Reached XP level 10. HP: 46/76 MP: 10/10
  9348 | D:9      | Reached skill level 10 in Maces & Flails
  9351 | D:9      | Reached **** piety under Okawaru
  9352 | D:9      | Reached skill level 1 in Invocations
  9796 | D:9      | Reached skill level 5 in Invocations
  9853 | D:9      | Noticed a two-headed ogre
 10197 | D:9      | Killed a two-headed ogre
 10197 | D:9      | Reached ***** piety under Okawaru
 10498 | D:9      | Noticed a two-headed ogre
 10506 | D:9      | Killed a two-headed ogre
 10507 | D:9      | Reached skill level 5 in Dodging
 10886 | D:10     | Entered Level 10 of the Dungeon
 11265 | D:10     | Gained mutation: You have a moderately thin skeletal
                  | structure. (Dex +4, Stealth++) [demonic ancestry]
 11265 | D:10     | Reached XP level 11. HP: 81/81 MP: 17/17
 11629 | D:11     | Noticed a boulder beetle
 11629 | D:11     | Noticed an eight-headed hydra
 11630 | D:11     | Noticed an ogre mage
 11631 | D:11     | Noticed a centaur warrior
 11787 | D:10     | HP: 4/81 [eight-headed hydra (8)]
 11787 | D:10     | Mangled by an eight-headed hydra

Illustrated notes

Levels and vault maps discovered:
D:1:      nzn_arrival_water_spiral, layout_loops_corners,
          chequers_serial_rivers_micro_c
D:2:      layout_basic, basic_altar, ebering_ecumenical_altar_abandoned,
          minmay_split_cup_small
D:3:      layout_basic, serial_shops, shop
D:4:      layout_basic
D:5:      layout_loops_corners, ebering_ghost_gozag
D:6:      layout_basic, minmay_temple_entry_ruins
D:7:      layout_basic, cheibriados_altar_1, nicolae_dithmenos_the_darkroom,
          serial_shops, shop, uniq_maggie
D:8:      layout_basic, mainiacjoe_overflow_surrounded_room, lair_entry_dummy,
          uniq_joseph, uniq_grum
D:9:      layout_layer_cave, mainiacjoe_overflow_brackets
D:10:     layout_roguey
D:11:     minmay_the_grid_square_5x5_5x5_mashed
          [minmay_the_grid_square_5x5_almost_minimal,
          minmay_the_grid_square_5x5_hollow_slash,
          minmay_the_grid_square_5x5_minimal, minmay_the_grid_square_5x5_bridge,
          minmay_the_grid_square_5x5_tri_point,
          minmay_the_grid_square_5x5_fancy_junction,
          minmay_the_grid_square_5x5_prize_open, minmay_the_grid_square_5x5_c,
          minmay_the_grid_square_5x5_prize_deathbox,
          minmay_the_grid_square_5x5_forky,
          minmay_the_grid_square_5x5_tetrominoes,
          minmay_the_grid_square_5x5_hourglass,
          minmay_the_grid_square_5x5_prize_junk, minmay_the_grid_square_5x5_six,
          minmay_the_grid_square_5x5_half_checkered,
          minmay_the_grid_square_5x5_three_walls,
          minmay_the_grid_square_5x5_prize_monsterx,
          minmay_the_grid_square_5x5_empty,
          minmay_the_grid_square_5x5_prize_waves,
          minmay_the_grid_square_5x5_inverted_slash,
          minmay_the_grid_square_5x5_shrine2, minmay_the_grid_square_5x5_eight,
          minmay_the_grid_square_5x5_broken_cross,
          minmay_the_grid_square_5x5_six_small,
          minmay_the_grid_square_5x5_minibox], layout_basic,
          hangedman_glass_teeth, uniq_fannar, uniq_erolcha
Temple:   mainiacjoe_temple_bowtie_tessellation

Skill      XL: |  1  2  3  4  5  6  7  8  9 10 11 |
---------------+----------------------------------+-----
Stealth        | 1 2 |  2.0
Fighting       | 3 4 6 |  6.0
Ranged Weapons | 2 4 5 |  5.0
Dodging        | 3 4 7 8 |  8.8
Evocations     | 3 4 |  4.0
Maces & Flails | 5 9 10 | 10.0
Invocations    | 9 |  9.0
Short Blades   | |  2.6
Throwing       | |  1.7

Action                     |  1- 3 |  4- 6 |  7- 9 | 10-12 || total
---------------------------+-------+-------+-------+-------++-------
  Melee: Rapier            |    83 |       |       |       ||    83
         Punch             |     2 |       |     2 |     1 ||     5
         Dagger            |    74 |    12 |       |       ||    86
         Whip              |       |       |   124 |   124 ||   248
   Fire: Sling             |       |   172 |    77 |       ||   249
  Throw: Javelin           |     1 |       |     1 |       ||     2
         Dart              |       |       |       |     4 ||     4
         Throwing net      |       |       |       |     1 ||     1
  Evoke: Wand              |       |       |       |     1 ||     1
    Use: Scroll            |     3 |     8 |    13 |     1 ||    25
         Potion            |       |       |     1 |       ||     1
   Stab: Sleeping          |     4 |       |     7 |     6 ||    17
         Held in net/web   |       |       |       |     1 ||     1
 Armour: Leather armour    |    55 |    44 |    39 |    26 ||   164
  Dodge: Dodged            |   112 |    61 |   117 |   111 ||   401

Table legend: (Time is in decaauts)
 A = Elapsed time spent in this place.
 B = Non-inter-level travel time spent in this place.
 C = Inter-level travel time spent in this place.
 D = Time resting spent in this place.
 E = Time spent auto-exploring this place.
 F = Levels seen in this place.
 G = Mean time per level.
                   A        B        C        D        E       F      G
               +--------+--------+--------+--------+--------+-----+--------+
         Total |  11826 |  11343 |    483 |   2458 |   7446 |  12 |  985.5 |
       Dungeon |  11577 |  11123 |    454 |   2458 |   7239 |  11 | 1052.5 |
        Temple |    249 |    220 |     29 |      0 |    207 |   1 |  249.0 |
               +--------+--------+--------+--------+--------+-----+--------+

Top non-repeatable levels by time:
     D:3: 1623 daAuts
     D:8: 1597 daAuts
     D:9: 1582 daAuts
     D:5: 1183 daAuts
     D:1: 1110 daAuts
     D:4: 964 daAuts
     D:2: 951 daAuts
     D:7: 851 daAuts
     D:6: 808 daAuts
    D:10: 773 daAuts
  Temple: 249 daAuts
    D:11: 130 daAuts
